 Dungeon Crawl Stone Soup version 0.28-a0-984-g3775c662fe (webtiles) character file.

Game seed: 12286677456898323130

5427 siradein the Skirmisher (level 10, -4/79 HPs)
             Began as a Demonspawn Fighter on Dec 3, 2021.
             Was a Follower of Makhleb.
             Slain by Joseph (6 damage)
             ... on level 9 of the Dungeon.
             The game lasted 00:40:27 (11887 turns).

siradein the Skirmisher (Demonspawn Fighter)       Turns: 11887, Time: 00:40:27

Health: -4/79      AC: 17    Str: 24    XL:     10   Next: 40%
Magic:  14/14      EV: 15    Int:  9    God:    Makhleb [*.....]
Gold:   172        SH:  6    Dex: 16    Spells: 9/9 levels left

rFire   . . .      SeeInvis .   a - +0 war axe
rCold   . . .      Faith    .   c - +0 buckler
rNeg    . . .      Spirit   .   H - +3 ring mail
rPois   .          Reflect  .   (helmet unavailable)
rElec   .          Harm     .   r - +0 cloak
rCorr   .          Rampage  .   B - +0 pair of gloves
Will    .....                   i - +0 pair of boots
Stlth   +.........              (no amulet)
HPRegen 0.23/turn               w - +6 ring of strength
MPRegen 0.14/turn               K - +4 ring of protection

@: invisible
A: horns 3, repulsion field 1
a: Renounce Religion


You were on level 9 of the Dungeon.
You worshipped Makhleb.
Makhleb was aware of your devotion.
You visited 2 branches of the dungeon, and saw 10 of its levels.

You collected 523 gold pieces.
You spent 351 gold pieces at shops.

Inventory:

Hand Weapons
 a - a +0 war axe (weapon)
 M - the +2 hunting sling of Ticic {venom, rPois rN+ Str+2 Int+4}
   (You found it on level 8 of the Dungeon)

   Any ammunition fired from it poisons the flesh of those it strikes.
   Str:       It affects your strength (+2).
   Int:       It affects your intelligence (+4).
   rPois:     It protects you from poison.
   rN:        It protects you from negative energy.
Missiles
 h - 3 throwing nets (quivered)
 N - 202 stones
Armour
 c - a +0 buckler (worn)
 i - a +0 pair of boots (worn)
 r - a +0 cloak (worn)
 B - a +0 pair of gloves (worn)
 H - a +3 ring mail (worn)
Jewellery
 w - a +6 ring of strength (left hand)
 E - a ring of fire
 K - a +4 ring of protection (right hand)
Wands
 j - a wand of charming (8)
 o - a wand of iceblast (3)
Scrolls
 m - 2 scrolls of fog
 p - 2 scrolls of fear {unknown}
 s - a scroll of noise {unknown}
 t - 3 scrolls of enchant armour
 u - 2 scrolls of summoning {unknown}
 y - 6 scrolls of teleportation
 A - 4 scrolls of enchant weapon
 C - a scroll of amnesia {unknown}
 G - 2 scrolls of silence {unknown}
 I - 3 scrolls of blinking
 J - 3 scrolls of identify
Potions
 b - a potion of attraction {unknown}
 d - 3 potions of might
 f - a potion of magic
 g - a potion of invisibility
 k - 3 potions of curing
 n - a potion of berserk rage {unknown}
 x - a potion of lignification
 z - 2 potions of brilliance {unknown}
 D - 2 potions of heal wounds {unknown}
 F - a potion of haste
 L - a potion of flight {unknown}


   Skills:
 + Level 7.0 Fighting
 + Level 6.0 Axes
 + Level 2.0 Slings
 + Level 6.5 Armour
 + Level 5.1 Dodging
 + Level 6.5 Shields
 + Level 5.5 Invocations
 + Level 4.1 Evocations


You had 9 spell levels left.
You didn't know any spells.
Your spell library contained the following spells:

 Spells                   Type           Power      Damage    Failure   Level
 Animate Skeleton         Necr           0%         N/A       52%         1
 Apportation              Tloc           0%         N/A       52%         1
 Freeze                   Ice            0%         1d3       52%         1
 Pain                     Necr           0%         1d4       52%         1
 Summon Small Mammal      Summ           0%         N/A       52%         1
 Sublimation of Blood     Necr           0%         N/A       65%         2
 Frozen Ramparts          Ice            0%         1d2       87%         3
 Vampiric Draining        Necr           0%         2d6       87%         3
 Hailstorm                Conj/Ice       0%         3d3       99%         4
 Petrify                  Tmut/Erth      0%         N/A       99%         4
 Irradiate                Conj/Tmut      0%         3d14      100%        5


Dungeon Overview and Level Annotations

Branches:
Dungeon (9/15)             Temple (1/1) D:5
   Lair: D:8-11         Orc: D:9-12

Altars:
Ashenzari
Elyvilon
Fedhas
Makhleb
Qazlal
Ru
Xom
The Shining One

Shops:
D:5 =:[?

Annotations:
D:9 Joseph


Innate Abilities, Weirdness & Mutations

You have a pair of large horns on your head.
You are surrounded by a mild repulsion field. (EV +2)


Message History

You shoot a stone. The stone hits Joseph!
Joseph looks as sick as possible!
Joseph is moderately wounded.
Joseph hits you with a +0 quarterstaff. Joseph closely misses you.
You shoot a stone.
The stone hits Joseph but does no damage.
Joseph looks as sick as possible!
Joseph is moderately wounded.
Joseph hits you with a +0 quarterstaff. x2
You shoot a stone. The stone closely misses Joseph.
Joseph hits you with a +0 quarterstaff!
You are too injured to fight recklessly!
You are too injured to fight recklessly!
You fade into invisibility!
Joseph misses you. Joseph hits you with a +0 quarterstaff!
* * * LOW HITPOINT WARNING * * *
The +2 hunting sling of Ticic {venom, rPois rN+ Str+2 Int+4} stops dripping with poison.
a - a +0 war axe (weapon)
You slash Joseph!
Joseph is heavily wounded.
You block Joseph's attack. Joseph completely misses you.
You slash Joseph!
Joseph is severely wounded.
Joseph misses you. Joseph closely misses you.
You slash Joseph! You headbutt Joseph, but do no damage.
Joseph is almost dead.
Joseph hits you with a +0 quarterstaff.
* * * LOW HITPOINT WARNING * * *
Joseph closely misses you.
You barely miss Joseph. You headbutt Joseph, but do no damage.
Joseph is almost dead.
Joseph misses you. Joseph hits you but does no damage.
You barely miss Joseph.
Joseph is almost dead.
Joseph hits you with a +0 quarterstaff!
* * * LOW HITPOINT WARNING * * *
You catch the helpless Joseph completely off-guard!
You hit Joseph but do no damage.
Joseph is almost dead.
Joseph barely misses you. Joseph hits you with a +0 quarterstaff.
You die...

####################
..........@..))(...#
.?..........<.#@...#
......(.......#@...#
.?.(..........#....#
.....(........#...##
.$..(##.......#####
(.... ######### ..@.
... ..o


You could see Joseph (fast, very poisoned).

Vanquished Creatures
  A kobold demonologist (D:8)
  Grinder (D:5)
  A hornet (D:8)
  A yak (D:6)
  3 steam dragons
  Menkaure (D:4)
  A water moccasin (D:7)
  Duvessa (D:7)
  2 orc warriors
  A black bear (D:7)
  A hornet zombie (D:7)
  2 ogres
  2 centaurs
  16 kobold brigands
  Blork the orc (D:5)
  A bullfrog (D:6)
  A water moccasin zombie (D:5)
  3 scorpions
  Dowan (D:7)
  A water moccasin skeleton (D:4)
  10 killer bees
  3 wights (D:7)
  3 howler monkeys
  A jelly (D:6)
  3 centaur zombies
  2 orc priests
  Crazy Yiuf (D:3)
  A gnoll shaman (D:4)
  5 hounds
  Jessica (D:3)
  2 iguanas
  Ijyb (D:3)
  2 orc wizards
  A howler monkey zombie (D:9)
  25 gnolls
  5 adders
  3 white imps
  An ufetubus (D:5)
  3 dart slugs
  3 worms (D:2)
  26 orcs
  4 bats
  9 endoplasms
  4 giant cockroaches
  6 goblins
  12 jackals (D:3)
  16 kobolds
  3 quokkas
  10 ball pythons
  A frilled lizard (D:2)
  A quokka skeleton (D:4)
  4 rats
214 creatures vanquished.

Vanquished Creatures (others)
  A fungus (D:3)
  6 plants
7 creatures vanquished.

Grand Total: 221 creatures vanquished

Notes
Turn   | Place    | Note
-------+----------+-------------------------------------------
     0 | D:1      | siradein the Demonspawn Fighter began the quest for the
                  | Orb.
     0 | D:1      | Reached XP level 1. HP: 18/18 MP: 1/1
   180 | D:1      | Gained mutation: You have a pair of small horns on your
                  | head. [demonic ancestry]
   180 | D:1      | Reached XP level 2. HP: 24/24 MP: 2/2
   504 | D:1      | Found a faded altar of an unknown god.
  1051 | D:2      | Reached XP level 3. HP: 27/29 MP: 3/3
  1805 | D:3      | Noticed Jessica
  1817 | D:3      | Killed Jessica
  1818 | D:3      | Reached XP level 4. HP: 10/36 MP: 4/4
  3159 | D:3      | Found a shimmering altar of Xom.
  3314 | D:3      | Noticed Ijyb
  3334 | D:3      | Killed Ijyb
  3335 | D:3      | Gained mutation: You are surrounded by a mild repulsion
                  | field. (EV +2) [demonic ancestry]
  3335 | D:3      | Reached XP level 5. HP: 29/42 MP: 5/5
  3436 | D:3      | Found a runed translucent door.
  3437 | D:3      | Noticed Crazy Yiuf
  3707 | D:2      | Reached skill level 4 in Fighting
  3718 | D:2      | Reached skill level 1 in Dodging
  3766 | D:2      | Gained mutation: You have a pair of horns on your head.
                  | [demonic ancestry]
  3766 | D:2      | Reached XP level 6. HP: 29/48 MP: 6/6
  4261 | D:3      | Reached XP level 7. HP: 36/55 MP: 7/7
  4854 | D:3      | Killed Crazy Yiuf
  5313 | D:4      | Reached skill level 5 in Fighting
  5574 | D:4      | Noticed Menkaure
  5583 | D:4      | Killed Menkaure
  5754 | D:4      | Found a blossoming altar of Fedhas.
  5833 | D:4      | Reached XP level 8. HP: 57/62 MP: 8/8
  6604 | D:5      | Entered Level 5 of the Dungeon
  6636 | D:5      | Noticed Blork the orc
  6644 | D:5      | Killed Blork the orc
  6710 | D:5      | Found a staircase to the Ecumenical Temple.
  6740 | D:5      | Reached skill level 5 in Shields
  6784 | D:5      | Found Hadah's Book Shoppe.
  6861 | D:5      | Found Loicamol's Antique Armour Shoppe.
  6871 | Temple   | Entered the Ecumenical Temple
  6875 | Temple   | Became a worshipper of Makhleb the Destroyer
  6890 | D:5      | Bought a shiny ring mail for 147 gold pieces
  7126 | D:5      | Found Ytsydghu's Jewellery Boutique.
  7261 | D:5      | Found Valuni's Magic Scroll Boutique.
  7266 | D:5      | Bought a scroll of identify for 24 gold pieces
  7266 | D:5      | Bought a scroll of blinking for 90 gold pieces
  7266 | D:5      | Bought a scroll of enchant weapon for 90 gold pieces
  7278 | D:5      | Noticed Grinder
  7294 | D:5      | Paralysed by Grinder for 3 turns
  7295 | D:5      | Killed Grinder
  7296 | D:5      | Reached skill level 5 in Armour
  7296 | D:5      | Reached skill level 1 in Invocations
  7635 | D:6      | Reached skill level 1 in Evocations
  8383 | D:6      | Reached skill level 5 in Axes
  8383 | D:6      | Reached XP level 9. HP: 44/69 MP: 9/11
  8438 | D:6      | Reached skill level 6 in Fighting
  8775 | D:6      | Found a sacrificial altar of Ru.
  9435 | D:7      | Noticed Duvessa
  9435 | D:7      | Noticed Dowan
  9449 | D:7      | Killed Duvessa
  9454 | D:7      | Killed Dowan
  9714 | D:7      | Found a broken altar of Ashenzari.
  9860 | D:8      | Identified the +2 hunting sling of Ticic {venom, rPois rN+
                  | Str+2 Int+4}
 11030 | D:8      | Reached skill level 1 in Slings
 11196 | D:8      | Gained mutation: You have a pair of large horns on your
                  | head. [demonic ancestry]
 11196 | D:8      | Reached XP level 10. HP: 39/77 MP: 13/13
 11426 | D:8      | Reached * piety under Makhleb
 11427 | D:8      | Reached skill level 7 in Fighting
 11427 | D:8      | Reached skill level 5 in Dodging
 11427 | D:8      | Reached skill level 5 in Invocations
 11850 | D:9      | Noticed Joseph
 11886 | D:9      | HP: 2/79 [Joseph (15)]
 11887 | D:9      | Slain by Joseph

Illustrated notes

Levels and vault maps discovered:
D:1:      minmay_arrival_four_circles, layout_basic,
          hellmonk_ecumenical_altar_prayer_group, chequers_hall_statues_wall_a
D:2:      layout_basic
D:3:      lemuel_castle_with_subvaults [lemuel_castle_interior_original],
          layout_loops_ring, tgw_xom, uniq_crazy_yiuf_cottage, uniq_jessica,
          uniq_ijyb
D:4:      wad_river_or_something, layout_basic, amcnicky_altar_gilded,
          saegor_snake_ambush, uniq_menkaure
D:5:      layout_loops_cross, minmay_temple_entry_statues, serial_shops,
          nicolae_shop_hallway_plus, shop, nicolae_shop_waterfront,
          nicolae_shop_stone, uniq_blork_the_orc, uniq_grinder
D:6:      minmay_chambers_of_sixes, layout_cave_pods,
          nicolae_overflow_hidden_temple, minmay_misc_feat_cross
D:7:      layout_cave_pools, ashenzari_altar_1, uniq_duvessa
D:8:      layout_basic, special_room [special_room_kobold]
D:9:      layout_gridville, mainiacjoe_overflow_six_doors_small, uniq_joseph
Temple:   kb_temple_of_zot

Skill      XL: |  1  2  3  4  5  6  7  8  9 10 |
---------------+-------------------------------+-----
Axes           | 2 3 4 5 6 |  6.0
Armour         | 3 4 5 6 |  6.5
Shields        | 3 4 5 6 |  6.5
Fighting       | 4 5 6 7 |  7.0
Dodging        | 1 2 3 4 5 |  5.1
Invocations    | 2 4 5 |  5.5
Evocations     | 2 3 4 |  4.1
Slings         | 1 2 |  2.0

Action                   |  1- 3 |  4- 6 |  7- 9 | 10-12 || total
-------------------------+-------+-------+-------+-------++-------
Melee: War axe           |    45 |    34 |    18 |    16 ||   113
       Headbutt          |    10 |    25 |    79 |     7 ||   121
       Hand axe          |    43 |       |       |       ||    43
       Flail             |       |   110 |   273 |       ||   383
       Spear             |       |       |    35 |       ||    35
 Fire: Hunting sling     |       |       |    45 |    18 ||    63
Throw: Dart              |       |       |    46 |       ||    46
       Throwing net      |       |       |     3 |       ||     3
  Use: Potion            |       |     3 |       |     1 ||     4
       Scroll            |       |       |     7 |     1 ||     8
 Stab: Invisible         |       |       |       |     1 ||     1
Armor: Scale mail        |    30 |     7 |       |       ||    37
       Chain mail        |       |    79 |    78 |       ||   157
       Ring mail         |       |       |   109 |     4 ||   113
Dodge: Dodged            |    38 |    72 |   223 |    21 ||   354
Block: Buckler           |    24 |    29 |   108 |    10 ||   171

Table legend: (Time is in decaauts)
 A = Elapsed time spent in this place.
 B = Non-inter-level travel time spent in this place.
 C = Inter-level travel time spent in this place.
 D = Time resting spent in this place.
 E = Time spent auto-exploring this place.
 F = Levels seen in this place.
 G = Mean time per level.
                   A        B        C        D        E       F      G
               +--------+--------+--------+--------+--------+-----+--------+
         Total |  12088 |  11728 |    360 |   1866 |   7654 |  10 | 1208.8 |
       Dungeon |  12080 |  11720 |    360 |   1866 |   7654 |   9 | 1342.2 |
        Temple |      8 |      8 |      0 |      0 |      0 |   1 |    8.0 |
               +--------+--------+--------+--------+--------+-----+--------+

Top non-repeatable levels by time:
     D:3: 2762 daAuts
     D:4: 1930 daAuts
     D:2: 1806 daAuts
     D:5: 1712 daAuts
     D:8: 1314 daAuts
     D:6: 937 daAuts
     D:7: 820 daAuts
     D:1: 730 daAuts
     D:9: 66 daAuts
  Temple: 8 daAuts
